 Dungeon Sprint DCSS version bcrawl-1.32 (webtiles) character file.

Game seed: 521636340209136742

519080 Groucho the Imperceptible (level 8, -3/47 HPs)
             Began as a Felid Berserker on July 31, 2021.
             Was a High Priest of Trog.
             Engulfed by a cloud of freezing vapour (11 damage)
             ... in the Dungeon (Sprint I: "Red Sonja").
             The game lasted 00:04:07 (605 turns).

Groucho the Imperceptible (Felid Berserker)          Turns: 605, Time: 00:04:08

Health: -3/47      AC:  2    Str: 13    XL:     8   Next: 36%
Magic:  9/9        EV: 27    Int:  9    God:    Trog [*****.]
Gold:   771        SH:  0    Dex: 18    Spells: 7/7 levels left
                                        Lives:  0   Deaths: 2

rFire    . . .     SeeInvis +     - Teeth and claws (18.0)
rCold    . . .     Gourm    .   (shield unavailable)
rNeg     . . .     Faith    .   (armour unavailable)
rPois    .         Spirit   .   (helmet unavailable)
rElec    .         Reflect  .   (cloak restricted)
rCorr    .         Harm     .   (gloves unavailable)
MR       +....     NoTele   +   (boots unavailable)
Stlth    +++++++++.             (no amulet)
HPRegen  0.15/turn              (no ring)
MPRegen  0.11/turn              (no ring)

@: quick
A: very small, no armour, no weapons or thrown items, stealth, claws 1, fangs 3,
see invisible, carnivore, speed 1, shaggy fur 2, slow metabolism 1, sharp paws
a: Berserk, Trog's Hand, Brothers in Arms, Renounce Religion


You were in the Dungeon.
You worshipped Trog.
Trog was extremely pleased with you.
You were not hungry.

You visited 1 branch You collected 771 gold pieces.

Inventory:

Wands
 c - a wand of flame (5)
 h - a wand of polymorph (3)
Scrolls
 b - a scroll of remove curse {unknown}
 i - a scroll of identify
 k - a scroll of fog {unknown}
Potions
 a - 2 potions of magic
 d - a potion of haste
 f - a potion of berserk rage
Comestibles
 e - a ration {!d}


   Skills:
 + Level 8.0 Fighting
 + Level 10.3 Dodging
 + Level 23.0 Stealth
 + Level 9.5 Unarmed Combat


You had 7 spell levels left.
You didn't know any spells.
Your spell library was empty.

Dungeon Overview and Level Annotations

Branches:
Dungeon (1/1)

Altars:
Cheibriados
Dithmenos
Elyvilon
Fedhas
Gozag
Hepliaklqana
Kikubaaqudgha
Lugonu
Makhleb
Nemelex Xobeh
Okawaru
Qazlal
Ru
Sif Muna
Trog
Uskayaw
Vehumet
Wu Jian
Xom
Yredelemnul
Zin
The Shining One
Jiyva

Shops:
D }


Innate Abilities, Weirdness & Mutations

You cannot wear almost all types of armour.
You are incapable of wielding weapons or throwing items.
Your paws allow you to move quietly. (Stealth)
You have sharp claws.
You have razor-sharp teeth.
You have supernaturally acute eyesight. (SInv)
You are carnivorous and can eat meat at any time.
You cover ground quickly.
You are covered in thick fur. (AC +2)
You have a slow metabolism.
Your sharp claws are effective at attacking unaware monsters.


Message History

[Y]es or [N]o only, please.
Really walk into that cloud of freezing vapour?
Okay, then.
You are engulfed in freezing vapours.
You see here 27 gold pieces.
You are engulfed in freezing vapours.
You see here 27 gold pieces.
You are engulfed in freezing vapours.
* * * LOW HITPOINT WARNING * * *
You see here 27 gold pieces.
No path to travel!
You now have 771 gold pieces (gained 27).
Really walk into that cloud of freezing vapour? [Y]es or [N]o only, please.
Really walk into that cloud of freezing vapour?
Okay, then.
No path to travel!
Really walk into that cloud of freezing vapour?
You are engulfed in freezing vapours.
You die...

#### +s.# #)###
#.)#####.. #'#$###
≈.)#..##'####^.$#y#
≈.§+..#...^s#..$###
≈§§#..#.^.ss○..$$$#
#####'###..s#^....#
#.'.#^°°###++##
###.#.^###°○##
#x#..####°@###
#######.##+#$.#°☼#$###
..§§§##§# #$$.°$○$$$#
....§§+§# #$$.$$$$$$#
+######§# +$$$$$$####
JJ..§.#§# ##$$$###
#+§# ##### ####


There were no monsters in sight!

Vanquished Creatures
  A lorocyproca (D)
  2 centaur warriors (D)
  An oklob plant (D)
  A gargoyle (D)
  A slime creature (D)
  A hornet (D)
  2 redbacks (D)
  Sigmund (D)
  A yak (D)
  A floating eye (D)
  An ogre (D)
  A jelly (D)
  Ijyb (D)
15 creatures vanquished.

Vanquished Creatures (others)
  A hornet (D)
1 creature vanquished.

Grand Total: 16 creatures vanquished

Notes
Turn   | Place    | Note
-------+----------+-------------------------------------------
     0 | D        | Groucho the Felid Berserker began the quest for the Orb.
     0 | D        | Reached XP level 1. HP: 12/12 MP: 2/2
     2 | D        | Noticed Ijyb
     3 | D        | Reached skill level 6 in Stealth
     3 | D        | Reached XP level 2. HP: 16/16 MP: 3/3
    17 | D        | Killed Ijyb
    54 | D        | Noticed an ogre
    55 | D        | Reached skill level 10 in Stealth
    55 | D        | Reached XP level 3. HP: 20/20 MP: 4/4
    56 | D        | Killed an ogre
    72 | D        | Noticed Sigmund
    73 | D        | Reached skill level 13 in Stealth
    73 | D        | Reached XP level 4. HP: 24/24 MP: 5/5
    73 | D        | Reached XP level 5. HP: 28/28 MP: 6/6
    74 | D        | Killed Sigmund
    74 | D        | Reached ** piety under Trog
    89 | D        | Found a shimmering blue altar of Sif Muna.
    90 | D        | Found an ornate altar of the Wu Jian Council.
    91 | D        | Found a radiant altar of Vehumet.
   106 | D        | Found Alarphasch's Gadget Emporium.
   106 | D        | Found an ancient bone altar of Kikubaaqudgha.
   106 | D        | Found a hazy altar of Hepliaklqana.
   106 | D        | Found a stormy altar of Qazlal.
   106 | D        | Found a hide-covered altar of Uskayaw.
   106 | D        | Found a blossoming altar of Fedhas.
   106 | D        | Found a bloodstained altar of Trog.
   106 | D        | Found an iron altar of Okawaru.
   106 | D        | Found a basalt altar of Yredelemnul.
   106 | D        | Found a glowing golden altar of the Shining One.
   106 | D        | Found a snail-covered altar of Cheibriados.
   106 | D        | Found a sacrificial altar of Ru.
   106 | D        | Found a glowing silver altar of Zin.
   106 | D        | Found a shadowy altar of Dithmenos.
   106 | D        | Found a white marble altar of Elyvilon.
   106 | D        | Noticed a yak
   107 | D        | Reached skill level 15 in Stealth
   107 | D        | Found an opulent altar of Gozag.
   108 | D        | Killed a yak
   109 | D        | Found a sparkling altar of Nemelex Xobeh.
   148 | D        | Found a burning altar of Makhleb.
   148 | D        | Found a shimmering altar of Xom.
   148 | D        | Noticed a slime creature
   149 | D        | Reached skill level 17 in Stealth
   149 | D        | Gained mutation: You are covered in thick fur. (AC +2)
                  | [Felid growth]
   149 | D        | Reached XP level 6. HP: 32/32 MP: 7/7
   149 | D        | Found a viscous altar of Jiyva.
   149 | D        | Found a corrupted altar of Lugonu.
   151 | D        | Killed a slime creature
   151 | D        | Reached *** piety under Trog
   182 | D        | Noticed a centaur warrior
   182 | D        | Noticed a centaur warrior
   183 | D        | Reached skill level 21 in Stealth
   183 | D        | Reached XP level 7. HP: 25/36 MP: 8/8
   183 | D        | Reached XP level 8. HP: 28/40 MP: 9/9
   190 | D        | Killed a centaur warrior
   194 | D        | Killed a centaur warrior
   233 | D        | Noticed a hornet
   236 | D        | Killed a hornet
   257 | D        | Noticed an oklob plant
   258 | D        | Reached skill level 5 in Dodging
   258 | D        | Reached skill level 5 in Unarmed Combat
   259 | D        | Killed an oklob plant
   259 | D        | Reached **** piety under Trog
   263 | D        | Noticed a redback
   265 | D        | Noticed a redback
   266 | D        | Reached skill level 22 in Stealth
   266 | D        | Killed a redback
   269 | D        | Killed a redback
   290 | D        | Reached skill level 5 in Fighting
   299 | D        | Noticed an unseen horror
   299 | D        | Noticed an unseen horror
   300 | D        | Reached XP level 9. HP: 48/48 MP: 10/10
   327 | D        | Mangled by an unseen horror
   328 | D        | Reached XP level 8. HP: -7/44 MP: 9/9
   337 | D        | Noticed a meliai
   337 | D        | Noticed a lorocyproca
   339 | D        | Killed a lorocyproca
   541 | D        | Killed a hornet
   562 | D        | Noticed a gargoyle
   563 | D        | Reached XP level 9. HP: 50/50 MP: 10/10
   571 | D        | Killed a gargoyle
   571 | D        | Reached ***** piety under Trog
   586 | D        | Noticed a demonic crawler
   586 | D        | Noticed a demonic crawler
   586 | D        | Noticed a demonic crawler
   586 | D        | Noticed a demonic crawler
   587 | D        | Reached skill level 10 in Dodging
   587 | D        | Reached skill level 23 in Stealth
   596 | D        | HP: 1/51 [demonic crawler (13)]
   597 | D        | Engulfed by a cloud of noxious fumes
   598 | D        | Reached XP level 8. HP: 0/47 MP: 9/9
   605 | D        | Engulfed by a cloud of freezing vapour

Skill      XL: |  1  2  3  4  5  6  7  8  9 |
---------------+----------------------------+-----
Stealth        | 6 10 13 17 21 22 23 | 23.0
Unarmed Combat | 8 9 |  9.5
Fighting       | 7 8 |  8.0
Dodging        | 9 10 | 10.3

Action                   |  1- 3 |  4- 6 |  7- 9 || total
-------------------------+-------+-------+-------++-------
Melee: Unarmed           |     7 |     4 |    34 ||    45
       Bite              |       |       |     5 ||     5
       Punch             |       |       |     2 ||     2
Invok: Berserk           |     1 |       |     2 ||     3
       Trog's Hand       |       |       |     2 ||     2
  Use: Scroll            |       |     1 |       ||     1
       Potion            |       |       |     3 ||     3
 Stab: Sleeping          |     2 |     4 |     6 ||    12
  Eat: Chunk             |     2 |       |       ||     2
Armor: Skin              |     1 |       |     4 ||     5
Dodge: Dodged            |       |     1 |    64 ||    65
